 Dungeon Crawl Stone Soup version 0.29-a0-103-g37f86683bf (webtiles) character file.

Game seed: 16640395474470993117

52 Hubjo the Sneak (level 3, -5/26 HPs)
             Began as a Vampire Enchanter on Feb 15, 2022.
             Was an Initiate of Ashenzari.
             Killed from afar by Sigmund (10 damage)
             ... with a puff of flame
             ... on level 2 of the Dungeon.
             The game lasted 00:03:48 (1501 turns).

Hubjo the Sneak (Vampire Enchanter)                 Turns: 1501, Time: 00:03:49

Health: -5/26      AC:  2    Str:  7    XL:     3   Next: 60%
Magic:  6/6        EV: 13    Int: 17    God:    Ashenzari [......]
Gold:   85         SH:  0    Dex: 16    Spells: 6/6 levels left

rFire   . . .      SeeInvis +   a - +1 dagger
rCold   . . .      Faith    .   (no shield)
rNeg    . . .      Spirit   .   b - +0 robe "Restrained Mistrust" {Evo, Cun} (curse)
rPois   .          Reflect  .   (no helmet)
rElec   .          Harm     .   (no cloak)
rCorr   .          Rampage  .   (no gloves)
Will    .....                   (no boots)
Stlth   +++.......              (no amulet)
HPRegen 0.28/turn               (no ring)
MPRegen 0.10/turn               (no ring)

@: healing quickly
A: alive, fangs 3, see invisible, vampiric 2
a: Exsanguinate, Renounce Religion, Shatter the Chains


You were on level 2 of the Dungeon.
You worshipped Ashenzari.
Ashenzari was noncommittal.
You visited 1 branch of the dungeon, and saw 2 of its levels.

You collected 85 gold pieces.

Inventory:

Hand Weapons
 a - a +1 dagger (weapon)
Armour
 b - the cursed +0 robe "Restrained Mistrust" (worn) {Evo, Cun}

   It has a curse which improves the following skills: Evocations: Evocations.
   Cunning:   Dodging and Stealth.
Scrolls
 d - a scroll of teleportation {unknown}
 e - 3 scrolls of identify {unknown}
 f - a scroll of blinking {unknown}
 g - a scroll of vulnerability {unknown}
 i - a scroll of fog {unknown}
Potions
 c - 2 potions of invisibility
 h - a potion of ambrosia {unknown}


   Skills:
 * Level 1.3 Fighting
 + Level 1.5 Short Blades
 + Level 2.6(3.0) Dodging
 * Level 5.4(5.8) Stealth
 - Level 2.0 Spellcasting
 + Level 4.8 Hexes


You had 6 spell levels left.
You didn't know any spells.
Your spell library contained the following spells:

 Spells                   Type           Power      Damage    Failure   Level
 Confusing Touch          Hex            18%        N/A       8%          3
 Tukima's Dance           Hex            18%        N/A       8%          3
 Ensorcelled Hibernation  Hex/Ice        20%        N/A       11%         2
 Dazzling Flash           Conj/Hex       20%        N/A       22%         3


Dungeon Overview and Level Annotations

Branches:
Dungeon (2/15)

Altars:
Ashenzari

Annotations:
D:2 Sigmund


Innate Abilities, Weirdness & Mutations

Your natural rate of healing is accelerated.
You have razor-sharp teeth.
You have supernaturally acute eyesight. (SInv)
You are afflicted with vampirism and can become a bat while bloodless.


Message History

You hit the bat.
You kill the bat!
The kobold hits you but does no damage. The goblin barely misses you.
Sigmund closely misses you.
You hit the goblin.
The goblin is severely wounded.
The kobold misses you. The goblin barely misses you.
You barely miss the goblin. Your bite misses the goblin.
The goblin is heavily wounded.
Sigmund barely misses you. The kobold hits you with a +0 dagger.
The goblin hits you with a +0 dagger.
You barely miss the goblin.
The goblin is heavily wounded.
The kobold hits you with a +0 dagger. The goblin hits you with a +0 dagger.
Sigmund mumbles some strange words.
Sigmund flickers and vanishes for a moment.
You are too injured to fight recklessly!
You are too injured to fight recklessly!
You are too injured to fight recklessly!
You are too injured to fight recklessly!
You are too injured to fight recklessly!
You are too injured to fight recklessly!
You are too injured to fight recklessly!
You are too injured to fight recklessly!
You are too injured to fight recklessly!
You are too injured to fight recklessly!
You are too injured to fight recklessly!
You are too injured to fight recklessly!
You are too injured to fight recklessly!
You are too injured to fight recklessly!
You are too injured to fight recklessly!
Found a stone staircase leading up.
The kobold barely misses you.
Sigmund hits you from afar with a +1 scythe of holy wrath.
You convulse.
* * * LOW HITPOINT WARNING * * *
The kobold throws a stone.
The stone hits you.
* * * LOW HITPOINT WARNING * * *
Sigmund casts a spell at you. The puff of flame hits you!
You die...

#.# ##.## .#
##########...## ..# #
#.............##...#
######.########$........#
..................@.....#
#####..#.......gK.......#
.......#.#######.#.####.#
#......#.# #@...#
#.###.##.# #........
#.###.##.# ##..#####
......##.# ..# ......##.#
..# ##.##..... <.#
.†....#### ..# ##.####
..# .....#


You could see Sigmund (invisible), a goblin and a kobold.

Vanquished Creatures
  4 dart slugs
  7 ball pythons
  4 endoplasms
  3 giant cockroaches (D:1)
  5 hobgoblins
  2 kobolds
  2 quokkas
  5 bats
  2 frilled lizards (D:1)
  3 goblins (D:1)
  3 rats (D:1)
40 creatures vanquished.

Notes
Turn   | Place    | Note
-------+----------+-------------------------------------------
     0 | D:1      | Hubjo the Vampire Enchanter began the quest for the Orb.
     0 | D:1      | Reached XP level 1. HP: 13/13 MP: 3/3
   204 | D:1      | Reached XP level 2. HP: 10/20 MP: 5/5
   532 | D:1      | Reached skill level 1 in Fighting
   532 | D:1      | Reached skill level 5 in Stealth
   590 | D:1      | Found a faded altar of an unknown god.
   672 | D:1      | Gained mutation: You are afflicted with vampirism and can
                  | become a bat while bloodless. [Vampire growth]
   672 | D:1      | Reached XP level 3. HP: 26/26 MP: 6/6
   689 | D:1      | Prayed at the altar of an unknown god.
   689 | D:1      | Became a worshipper of Ashenzari the Shackled
  1484 | D:2      | Noticed Sigmund
  1501 | D:2      | Killed from afar by Sigmund

Illustrated notes

Levels and vault maps discovered:
D:1:      dpeg_arrival_rhombus, layout_basic,
          hellmonk_ecumenical_altar_pennies_from_heaven,
          minmay_indecisive_spiral
D:2:      layout_loops_ring, uniq_sigmund

Skill      XL: |  1  2 |
---------------+-------+-----
Fighting       | 1 |  1.3
Stealth        | 5 |  5.4
Short Blades   | |  1.5
Dodging        | |  2.6
Spellcasting   | |  2.0
Hexes          | |  4.8

Action                   || total
-------------------------++-------
Melee: Dagger            ||   130
       Bite              ||    13
Invok: Curse Item        ||     1
 Stab: Sleeping          ||    16
Armor: Robe              ||    25
Dodge: Dodged            ||    78

Table legend: (Time is in decaauts)
 A = Elapsed time spent in this place.
 B = Non-inter-level travel time spent in this place.
 C = Inter-level travel time spent in this place.
 D = Time resting spent in this place.
 E = Time spent auto-exploring this place.
 F = Levels seen in this place.
 G = Mean time per level.
                   A        B        C        D        E       F      G
               +--------+--------+--------+--------+--------+-----+--------+
         Total |   1496 |   1466 |     30 |      0 |   1152 |   2 |  748.0 |
       Dungeon |   1496 |   1466 |     30 |      0 |   1152 |   2 |  748.0 |
               +--------+--------+--------+--------+--------+-----+--------+

Top non-repeatable levels by time:
     D:1: 950 daAuts
     D:2: 546 daAuts
